FeriG vs Zulu

Match 25832896
End
Pioneer Squad
Construct Infanterie Kompanie
Selects Italian Coastal Battlegroup
Grenadier Squad
Grenadier Squad
MG 42 Machine Gun Team
Infanterie Officer Quarters
Sniper
Selects Coastal Reserves
Selects Artillery Officer
Artillery Officer
Construct Panzergrenadier Kompanie
Pak 40 Anti-tank Gun Team
Construct Panzer Kompanie
Selects Coastal Wall
Stoßtruppen Squad
Stoßtruppen Squad
Selects Support Bunkers
Selects Rapid Fortifications
Selects Call the Reserves!
Stoßtruppen Squad
Panzer IV Medium Tank
Medical Station
Panzer Officer Quarters
Pak 40 Anti-tank Gun Team
Panzer IV Medium Tank
Kettenkrad Recon Vehicle
Strike Package Zulu
Monsieur Nathan
DanielD
FeriG
0
0

Comments sign in to comment!

No comments posted yet!